 Dungeon Crawl Stone Soup version 0.19.1-1-g22dce08 (webtiles) character file.

52 Alarkh the Chopper (level 3, -2/29 HPs)
             Began as a Demonspawn Monk on Jan 7, 2017.
             Slain by Terence
             ... wielding a +3 flail of draining
              (5 damage)
             ... on level 2 of the Dungeon.
             The game lasted 00:01:35 (1161 turns).

Alarkh the Chopper (Demonspawn Monk)                Turns: 1161, Time: 00:01:36

Health: -2/29      AC:  6    Str: 11    XL:     3   Next: 60%
Magic:  3/3        EV: 12    Int: 12    God:
Gold:   0          SH:  0    Dex: 15    Spells: 0 memorised, 2 levels left

rFire  . . .     SeeInvis .     a - +0 hand axe
rCold  . . .     Gourm    .     b - +0 robe
rNeg   . . .     Faith    .     (no shield)
rPois  .         Spirit   .     (no helmet)
rElec  .         Reflect  .     (no cloak)
rCorr  .         Harm     .     (no gloves)
MR     .....                    m - +1 pair of boots {run}
Stlth  +.........               (no amulet)
                                (no ring)
                                (no ring)

@: very slightly contaminated, hasted, heavily drained, very quick
A: iridescent scales 1, powered by pain 1
a: no special abilities


You were on level 2 of the Dungeon.
You were not hungry.

You visited 1 branch of the dungeon, and saw 2 of its levels.

Inventory:

Hand Weapons
 a - a +0 hand axe (weapon)
Armour
 b - a +0 robe (worn)
 i - a +0 pair of boots
 m - a +1 pair of boots of running (worn)
Scrolls
 e - a scroll of fear {unknown}
 f - a scroll of identify {unknown}
 g - a scroll of remove curse {unknown}
Comestibles
 c - 2 bread rations
 d - 3 chunks of flesh
 h - a slice of pizza
 l - a beef jerky


   Skills:
 - Level 3.0(1.4) Fighting
 + Level 4.2(2.5) Axes
 - Level 2.6(1.1) Dodging
 - Level 1.7(0.2) Stealth


You had 2 spell levels left.
You didn't know any spells.

Dungeon Overview and Level Annotations

Branches:
Dungeon (2/15)

Altars:

Annotations:
D:2 Terence


Innate Abilities, Weirdness & Mutations

You are partially covered in iridescent scales. (AC +2)
You sometimes gain a little power by taking damage.


Message History

You hit Terence but do no damage.
Terence is severely wounded.
Terence closely misses you.
You hit Terence.
Terence is severely wounded.
You hit Terence but do no damage.
Terence is severely wounded.
Terence hits you with a flail of draining.
* * * LOW HITPOINT WARNING * * *
You feel drained.
It was a potion of magic.
Magic courses through your body.
There is an open door here.
Okay, then.
You aren't carrying any items that you can evoke.
You barely miss Terence.
Terence is severely wounded.
You hit Terence but do no damage.
Terence is severely wounded.
Terence hits you with a flail of draining.
You die...

#.# ......#.##....
#.#+##### .....#.##....
#........ .....#.##....
#........ #.....##....
#........ #...........
#.#+##########...........
#.#...............###....
#....#########......#....
#....'.@@......>.........
##...#######...##........
#...# #...###.....##
#...# #...# #.......
#...# #...# #.>...).
#...# #..)# #.......
#...# #...# #.....##
#...# #...# #.....# #####
#######


You could see Terence.

Vanquished Creatures
  A worm (D:2)
  A dart slug (D:1)
  2 giant cockroaches (D:1)
  8 goblins
  3 hobgoblins (D:1)
  A quokka (D:2)
  A ball python (D:2)
  4 bats
  8 frilled lizards
  10 kobolds
  8 rats (D:1)
47 creatures vanquished.

Notes
Turn   | Place    | Note
-------+----------+-------------------------------------------
     0 | D:1      | Alarkh the Demonspawn Monk began the quest for the Orb.
     0 | D:1      | Reached XP level 1. HP: 18/18 MP: 1/1
    57 | D:1      | Reached skill level 3 in Axes
    76 | D:1      | Gained mutation: You sometimes gain a little power by taking damage. [demonic ancestry]
    76 | D:1      | Reached XP level 2. HP: 16/24 MP: 2/2
   583 | D:1      | Gained mutation: You are partially covered in iridescent scales. (AC +2) [demonic ancestry]
   583 | D:1      | Reached XP level 3. HP: 26/29 MP: 3/3
   790 | D:1      | Reached skill level 4 in Axes
  1096 | D:2      | Identified a +1 pair of boots of running (You found it on level 2 of the Dungeon)
  1133 | D:2      | Noticed Terence
  1161 | D:2      | Slain by Terence

Skill      XL: |  1  2  3 |
---------------+----------+-----
Axes           | 3 4 |  4.2
Fighting       | |  3.0
Dodging        | |  2.6
Stealth        | |  1.7

Action                   || total
-------------------------++-------
Melee: Hand axe          ||   160
  Use: Potion            ||     2
 Stab: Sleeping          ||     6
       Distracted        ||     1
  Eat: Chunk             ||     1
Armor: Robe              ||    41
Dodge: Dodged            ||   103
